 Dungeon Crawl Stone Soup version 0.31-a0-233-g139696dc86 (webtiles) character file.

Game seed: 4352695176854587448

266 qw the Shooter (level 6, -1/51 HPs)
             Began as a Minotaur Hexslinger on July 8, 2023.
             Killed by nerve-wracking pain
             ... invoked by an orc priest
              (5 damage)
             ... on level 3 of the Dungeon.
             The game lasted 00:01:02 (2660 turns).

qw the Shooter (Minotaur Hexslinger)                Turns: 2660, Time: 00:01:02

Health: -1/51      AC:  7    Str: 12    XL:     6   Next: 0%
Magic:  6/6        EV: 16    Int: 10    God:
Gold:   96         SH:  0    Dex: 15    Spells: 6/7 levels left

rFire   . . .        Y - +2 sling
rCold   + . .        (no shield)
rNeg    . . .        a - +2 ring mail {rC+}
rPois   .            (helmet restricted)
rElec   .            (no cloak)
rCorr   .            (no gloves)
SInv    .            (no boots)
Will    .....        (no amulet)
Stlth   +            c - +5 ring of evasion
HPRegen 0.28/turn    (no ring)
MPRegen 0.10/turn

%: no passive effects
@: lethally poisoned (-1 -> -17)
A: horns 2, retaliatory headbutt
a: no special abilities


You were on level 3 of the Dungeon.
You visited 1 branch of the dungeon, and saw 3 of its levels.

You collected 171 gold pieces.
You spent 75 gold pieces at shops.


Innate Abilities, Weirdness & Mutations

You have a pair of horns on your head.
You reflexively headbutt those who attack you in melee.


   Skills:
 + Level 3.2 Fighting
 - Level 6.2 Ranged Weapons
 - Level 1.0 Armour
 - Level 2.1 Dodging
 - Level 1.0 Spellcasting
 - Level 2.0 Hexes


You had 6 spell levels left.
You knew the following spells:

 Your Spells              Type           Power      Damage    Failure   Level
a - Slow                  Hex            16%        N/A       34%         1

Your spell library contained the following spells:

 Spells                   Type           Power      Damage    Failure   Level
 Inner Flame              Hex/Fire       2%         N/A       83%         3
 Portal Projectile        Hex/Tloc       4%         N/A       83%         3
 Cause Fear               Hex            2%         N/A       98%         4

Inventory:

Hand Weapons
 Y - a +2 sling (weapon)
Armour
 a - a +2 ring mail of cold resistance (worn)
Jewellery
 b - a ring of willpower
 c - a +5 ring of evasion (left hand)
Scrolls
 j - a scroll of identify
Potions
 d - a potion of might
 e - a potion of mutation {unknown}
 f - a potion of enlightenment {unknown}
 g - 2 potions of resistance
 h - a potion of heal wounds {unknown}
 i - a potion of curing {unknown}
 k - a potion of invisibility {unknown}
 l - a potion of cancellation {unknown}
 m - a potion of haste {unknown}
 n - a potion of degeneration {unknown}

Dungeon Overview and Level Annotations

Branches:
Dungeon (3/15)

Altars:
Ru

Shops:
D:2 (*


Message History

You shoot a sling bullet. The sling bullet hits the orc priest.
The orc priest is heavily wounded.
The orc priest looks satisfied for a moment.
You shoot a sling bullet. The sling bullet hits the orc priest.
The orc priest is severely wounded.
The orc priest closely misses you. The orc priest misses you.
You shoot a sling bullet.
The sling bullet hits the orc priest but does no damage.
The orc priest is severely wounded.
The orc priest hits you from afar with a +1 trident of venom.
You are poisoned.
You shoot a sling bullet.
The sling bullet hits the orc priest but does no damage.
The orc priest is severely wounded.
You feel very sick.
The orc priest hits you from afar with a +1 trident of venom.
You are more poisoned.
You shoot a sling bullet.
The sling bullet closely misses the orc priest.
The sling bullet misses the frilled lizard.
You feel very sick.
The orc priest hits you but does no damage.
You are more poisoned.
You shoot a sling bullet. The sling bullet hits the orc priest.
The orc priest is almost dead.
You feel very sick.
The orc priest hits you from afar with a +1 trident of venom.
You are more poisoned.
You shoot a sling bullet.
The sling bullet completely misses the orc priest.
The sling bullet closely misses the frilled lizard.
You feel extremely sick.
The orc priest mumbles some strange prayers to Beogh against you.
Beogh smites you! The orc priest barely misses you.
You shoot a sling bullet. The sling bullet hits the orc priest.
The orc priest is almost dead.
You feel very sick.
The orc priest invokes the aid of Beogh against you.
Pain shoots through your body!
You die...

#.# .!. #.# #)#
#### #l. ... #o#
#. #.#
#..##@####.#
#..........#
######.###.#####.?
.......###)####...
#...%.......
#.##)####...
#.##.# #.##.#
#.##.#


You could see an orc priest and a frilled lizard.

Vanquished Creatures
  Pargi (D:3)
  4 gnolls
  5 adders
  A worm (D:2)
  2 dart slugs (D:1)
  7 orcs
  10 ball pythons
  10 endoplasms
  2 giant cockroaches
  7 goblins
  2 hobgoblins
  2 jackals
  5 quokkas
  4 bats
  6 frilled lizards
  5 kobolds
  7 rats
80 creatures vanquished.

Notes
Turn   | Place    | Note
-------+----------+-------------------------------------------
     0 | D:1      | qw the Minotaur Hexslinger began the quest for the Orb.
     0 | D:1      | Reached XP level 1. HP: 16/16 MP: 1/1
     0 | D:1      | 0 ||| qw: Version: 0.3-a-46-gb1f654a
     0 | D:1      | 0 ||| qw: Game counter: 3577
     0 | D:1      | 0 ||| qw: Melee chars always use a shield: true
     0 | D:1      | 0 ||| qw: God list: Okawaru
     0 | D:1      | 0 ||| qw: Allow faded altars: false
     0 | D:1      | 0 ||| qw: Do Orc after clearing Dungeon:15 true
     0 | D:1      | 0 ||| qw: Do second Lair branch before Depths: true
     0 | D:1      | 0 ||| qw: Lair rune preference: random
     0 | D:1      | 0 ||| qw: Goals: Normal
     0 | D:1      | 0 ||| PLANNING D:1-11
    19 | D:1      | 19 ||| FLEEEEING.
    79 | D:1      | Reached skill level 3 in Ranged Weapons
    84 | D:1      | Reached XP level 2. HP: 23/23 MP: 2/2
   378 | D:1      | Reached XP level 3. HP: 29/29 MP: 3/3
   753 | D:1      | Reached skill level 4 in Ranged Weapons
   760 | D:1      | 760 ||| UPGRADING to +0 ring mail.
   770 | D:1      | 770 ||| DROPPING +0 robe.
   771 | D:1      | 771 ||| READING scroll labelled LEKKUODWOT.
   772 | D:1      | 772 ||| DROPPING scroll of poison.
   823 | D:2      | 823 ||| STAIRDANCE
   836 | D:2      | 836 ||| STAIRDANCE
   890 | D:2      | Reached skill level 1 in Armour
   891 | D:2      | 891 ||| STAIRDANCE
  1132 | D:2      | Reached XP level 4. HP: 31/36 MP: 4/4
  1154 | D:2      | Found Ackais's Assorted Antiques.
  1162 | D:2      | 1162 ||| SHOPLISTING blackened coral ring (130 gold, have
                  | 88).
  1162 | D:2      | 1162 ||| BUYING fuming golden potion (23 gold).
  1162 | D:2      | Bought a fuming golden potion for 23 gold pieces
  1162 | D:2      | 1162 ||| SHOPLISTING pair of boots (117 gold, have 65).
  1162 | D:2      | 1162 ||| BUYING scroll of identify (52 gold).
  1162 | D:2      | Bought a scroll of identify for 52 gold pieces
  1214 | D:2      | Reached skill level 5 in Ranged Weapons
  1214 | D:2      | HP: 9/36 [poisoned by an adder]
  1524 | D:2      | Found Neivvas's Antique Weapon Emporium.
  1547 | D:2      | Reached XP level 5. HP: 17/42 MP: 5/5
  1798 | D:2      | Found a sacrificial altar of Ru.
  2194 | D:2      | 2194 ||| UPGRADING to +2 ring mail of cold resistance.
  2204 | D:2      | 2204 ||| DROPPING +0 ring mail.
  2205 | D:2      | 2205 ||| UPGRADING to +5 ring of evasion.
  2206 | D:2      | 2206 ||| READING scroll labelled IMAURA FENU.
  2207 | D:2      | 2207 ||| READING scroll labelled IHAGRU TEOLYNO.
  2208 | D:2      | 2208 ||| DRINKING 2 lumpy coppery potions.
  2209 | D:2      | 2209 ||| READING 2 scrolls of identify.
  2209 | D:2      | 2209 ||| IDENTIFYING coppery potion
  2295 | D:3      | Reached skill level 3 in Fighting
  2352 | D:3      | Noticed Pargi
  2382 | D:3      | Killed Pargi
  2383 | D:3      | Reached skill level 6 in Ranged Weapons
  2650 | D:3      | Reached XP level 6. HP: 51/51 MP: 6/6
  2659 | D:3      | HP: 9/51 [orc priest/divine providence (13)]
  2660 | D:3      | HP: 4/51 [poisoned by an orc priest]
  2660 | D:3      | Killed from afar by an orc priest

Levels and vault maps discovered:
D:1:      onia_arrival_handbag, layout_basic
D:2:      layout_basic, serial_shops, shop, nicolae_shop_trees, basic_altar,
          serial_bayou, serial_bayou_shore_b, serial_bayou_pond_b,
          serial_bayou_lagoon_a, serial_bayou_pond_d,
          chequers_serial_rivers_large_a
D:3:      layout_loops_ring, minmay_gold_behind_fungi, minmay_circle_x,
          uniq_pargi

Skill      XL: |  1  2  3  4  5 |
---------------+----------------+-----
Ranged Weapons | 3 4 5 6 |  6.2
Fighting       | 2 3 |  3.2
Armour         | 1 |  1.0
Dodging        | |  2.1
Spellcasting   | |  1.0
Hexes          | |  2.0

Action                     |  1- 3 |  4- 6 || total
---------------------------+-------+-------++-------
   Fire: Sling             |   101 |   143 ||   244
    Use: Scroll            |     1 |     3 ||     4
         Potion            |       |     1 ||     1
 Armour: Robe              |     5 |       ||     5
         Ring mail         |     3 |    48 ||    51
  Dodge: Dodged            |    28 |   115 ||   143

Table legend:
 A = Non-vault XP
 B = Vault XP
 C = Vault XP percentage of total XP
 D = Non-vault monster count
 E = Vault monster count
 F = Vault count percentage of total count
                 A         B        C        D         E       F
            +---------+---------+-------+---------+---------+-------
      Total |     226 |     155 |  40.7 |      64 |      16 |  20.0
            +---------+---------+-------+---------+---------+-------
        D:1 |      61 |       6 |   9.0 |      26 |       4 |  13.3
        D:2 |     130 |       8 |   5.8 |      27 |       4 |  12.9
        D:3 |      35 |     141 |  80.1 |      11 |       8 |  42.1
            +---------+---------+-------+---------+---------+-------
